 Dungeon Crawl Stone Soup version 0.29-a0-887-gcbe080d7e0 (webtiles) character file.

Game seed: 6755192874801707658

5 LynnLen the Sneak (level 1, -1/11 HPs)
             Began as a Vampire Enchanter on July 21, 2022.
             Slain by a rat (2 damage)
             ... on level 1 of the Dungeon.
             The game lasted 00:00:46 (173 turns).

LynnLen the Sneak (Vampire Enchanter)                Turns: 173, Time: 00:00:47

Health: -1/11      AC:  2    Str:  7    XL:     1   Next: 66%
Magic:  3/3        EV: 12    Int: 17    God:
Gold:   15         SH:  0    Dex: 14    Spells: 4/4 levels left

rFire   . . .      SeeInvis +   a - +1 dagger
rCold   + + .      Faith    .   (no shield)
rNeg    + + +      Spirit   .   b - +0 robe
rPois   ∞          Reflect  .   (no helmet)
rElec   .          Harm     .   (no cloak)
rCorr   .          Rampage  .   (no gloves)
Will    .....                   (no boots)
Stlth   +++++.....              (no amulet)
HPRegen 0.00/turn               (no ring)
MPRegen 0.08/turn               (no ring)

@: bloodless, inhibited regen
A: bloodless, fangs 3, see invisible, vampiric 1
a: Revivify


You were on level 1 of the Dungeon.
You visited 1 branch of the dungeon, and saw 1 of its levels.

You collected 15 gold pieces.

Inventory:

Hand Weapons
 a - a +1 dagger (weapon)
Armour
 b - a +0 robe (worn)
Potions
 c - a potion of invisibility


   Skills:
 * Level 0.3 Fighting
 * Level 1.3 Short Blades
 + Level 2.3 Dodging
 + Level 4.6 Stealth
 - Level 2.0 Spellcasting
 - Level 4.4 Hexes


You had 4 spell levels left.
You didn't know any spells.
Your spell library contained the following spells:

 Spells                   Type           Power      Damage    Failure   Level
 Confusing Touch          Hex            16%        N/A       10%         3
 Tukima's Dance           Hex            16%        N/A       10%         3
 Ensorcelled Hibernation  Hex/Ice        18%        N/A       12%         2
 Dazzling Flash           Conj/Hex       18%        N/A       24%         3


Dungeon Overview and Level Annotations

Branches:
Dungeon (1/15)

Altars:


Innate Abilities, Weirdness & Mutations

You do not regenerate when monsters are visible.
You are frail without blood (-20% HP).
You can heal yourself when you bite living creatures.
You are immune to poison.
You have razor-sharp teeth.
You have supernaturally acute eyesight. (SInv)
You are afflicted with vampirism.


Message History

You bite the dart slug, but do no damage.
The dart slug launches a dart at you. The slug dart misses you.
You hit the dart slug.
The dart slug is moderately wounded.
You hit the dart slug but do no damage.
The dart slug is moderately wounded.
The dart slug barely misses you.
You hit the dart slug.
The dart slug is heavily wounded.
The dart slug launches a dart at you. The slug dart hits you.
* * * LOW HITPOINT WARNING * * *
You hit the dart slug.
The dart slug is severely wounded.
You hit the dart slug.
You kill the dart slug!
You start resting.
A goblin is nearby!
You see here a +0 dagger.
You start resting.
A rat is nearby!
You closely miss the rat. You bite the rat.
You draw the rat's blood!
You feel better.
The rat is heavily wounded.
The rat bites you but does no damage.
You closely miss the rat.
The goblin shouts!
Your bite misses the rat.
The rat is heavily wounded.
The rat barely misses you.
You closely miss the rat. The rat misses you.
You closely miss the rat. The rat bites you but does no damage.
You barely miss the rat. The rat misses you.
You barely miss the rat. The rat bites you.
* * * LOW HITPOINT WARNING * * *
You hit the rat.
The rat is heavily wounded.
The rat bites you.
You die...

#....... #..g..
#############..#####
#..............#(?"#
#.####)######..#bwK#
#.# ##...#..g# #.#
##w.##r# ..
#.###...#.#...# ...#.
#@##..##r# ...# .....
#r#.r.#.#...#...
....#.# #g#.##.#
..#....#
.......###r#.#?#.. #..
....
........##...###.......
...
.#........#......###...
... ........#.##..####
.................
.........#########


You could see a quokka, a goblin and a rat.

Vanquished Creatures
  A dart slug (D:1)
  An endoplasm (D:1)
  A goblin (D:1)
3 creatures vanquished.

Notes
Turn   | Place    | Note
-------+----------+-------------------------------------------
     0 | D:1      | LynnLen the Vampire Enchanter began the quest for the Orb.
     0 | D:1      | Reached XP level 1. HP: 13/13 MP: 3/3
   173 | D:1      | Slain by a rat

Illustrated notes

Levels and vault maps discovered:
D:1:      scummos_arrival_simple_fountains, layout_loops_ring,
          minmay_misc_feat_square, minmay_vboxes

Action                   || total
-------------------------++-------
Melee: Dagger            ||    20
       Bite              ||     2
 Abil: Exsanguinate      ||     1
  Use: Potion            ||     1
Armor: Robe              ||     2
Dodge: Dodged            ||    15

Table legend: (Time is in decaauts)
 A = Elapsed time spent in this place.
 B = Non-inter-level travel time spent in this place.
 C = Inter-level travel time spent in this place.
 D = Time resting spent in this place.
 E = Time spent auto-exploring this place.
 F = Levels seen in this place.
 G = Mean time per level.
                   A        B        C        D        E       F      G
               +--------+--------+--------+--------+--------+-----+--------+
         Total |    172 |    172 |      0 |     50 |     52 |   1 |  172.0 |
       Dungeon |    172 |    172 |      0 |     50 |     52 |   1 |  172.0 |
               +--------+--------+--------+--------+--------+-----+--------+

Top non-repeatable levels by time:
     D:1: 172 daAuts
